 Dungeon Crawl Stone Soup version 0.19-a0 (webtiles) character file.

20594 varam the Cleaver (level 12, -12/117 HPs)
             Began as a Minotaur Berserker on Apr 27, 2016.
             Was a High Priest of Trog.
             Mangled by a skeletal warrior
             ... wielding a +0 flail
             ... led by a skeletal warrior
              (21 damage)
             ... on level 13 of the Dungeon.
             The game lasted 00:40:44 (13494 turns).

varam the Cleaver (Minotaur Berserker)             Turns: 13494, Time: 00:40:45

Health: -12/117    AC: 20    Str: 32    XL:     12   Next: 46%
Magic:  2/2        EV: 11    Int: -1    God:    Trog [*****.]
Gold:   523        SH:  0    Dex: 11    Spells: 0 memorised, 11 levels left

rFire  + + .     SeeInvis +     Y - +2 battleaxe (vamp)
rCold  . . .     Gourm    .     Z - +1 plate armour of Hauffunn {+Blink rF++ rCorr MP-9 SInv}
rNeg   + . .     Faith    .     (shield currently unavailable)
rPois  .         Spirit   .     (helmet restricted)
rElec  .         Dismiss  .     T - +0 cloak
rCorr  +         Reflect  .     (no gloves)
SustAt .         Harm     +     i - +0 pair of boots
MR     .....                    e - amulet of harm
Stlth  ..........               k - +2 ring of evasion (curse)
                                R - ring "Roimicy" {rN+ Str+6 Int-5 Stlth+}

@: exhausted, slowed, lost intelligence, very slow, not resistant to hostile
enchantments, extremely unstealthy
A: retaliatory headbutt, horns 2
a: Berserk, Trog's Hand, Brothers in Arms, Burn Spellbooks, Renounce Religion,
Evoke Blink


You were on level 13 of the Dungeon.
You worshipped Trog.
Trog was extremely pleased with you.
You were not hungry.

You visited 1 branch of the dungeon, and saw 13 of its levels.

You collected 658 gold pieces.
You spent 135 gold pieces at shops.

Inventory:

Hand Weapons
 Y - a +2 vampiric battleaxe (weapon)
Armour
 i - a +0 pair of boots (worn)
 H - a +2 ring mail of cold resistance
 T - a +0 cloak (worn)
 Z - the +1 plate armour of Hauffunn (worn) {+Blink rF++ rCorr MP-9 SInv}
   (You found it on level 11 of the Dungeon)

   It greatly protects you from fire.
   It affects your magic capacity (-9).
   It lets you see invisible.
   It lets you blink.
   It protects you from acid and corrosion.
Jewellery
 e - an amulet of harm (around neck)
 k - a cursed +2 ring of evasion (right hand)
 o - an uncursed ring of magical power {unknown}
 p - an uncursed ring of poison resistance
 R - the ring "Roimicy" (left hand) {rN+ Str+6 Int-5 Stlth+}
   (You bought it in a shop on level 10 of the Dungeon)

   [ring of stealth]

   It affects your strength (+6).
   It affects your intelligence (-5).
   It protects you from negative energy.
   It makes you more stealthy.
Wands
 j - a wand of hasting (4/9)
 A - a wand of disintegration (15/24)
 C - a wand of acid (6/15)
 O - a wand of teleportation (4/9)
 P - a wand of iceblast (9/15)
 X - a wand of lightning (7/15)
Scrolls
 a - 2 scrolls of fear
 b - 3 scrolls of magic mapping
 d - 2 scrolls of recharging
 g - 6 scrolls of remove curse
 l - a scroll of immolation {unknown}
 u - 2 scrolls of amnesia {unknown}
 y - 3 scrolls of blinking {unknown}
 G - 5 scrolls of teleportation
 L - a scroll of enchant armour {unknown}
 Q - a scroll of random uselessness {unknown}
 W - 2 scrolls of vulnerability {unknown}
Potions
 f - a potion of degeneration {unknown}
 h - 2 potions of mutation {unknown}
 m - 5 potions of curing
 q - 2 potions of might
 r - a potion of flight
 z - 3 potions of heal wounds
Books
 c - a book of Annihilations

   Spells                             Type                      Level
   a - Poison Arrow                   Conjuration/Poison           6
   b - Chain Lightning                Conjuration/Air              8
   c - Lehudib's Crystal Spear        Conjuration/Earth            8
   d - Glaciate                       Conjuration/Ice              9
   e - Fire Storm                     Conjuration/Fire             9
   Trog disapproves of the use of such an item.
Comestibles
 I - 2 bread rations
 K - 6 beef jerkies


   Skills:
 + Level 14.2 Fighting
 + Level 14.4 Axes
 + Level 14.0 Armour
 - Level 2.1 Dodging


You had 11 spell levels left.
You didn't know any spells.

Dungeon Overview and Level Annotations

Branches:
Dungeon (13/15)            Temple (0/1) D:7            Lair (0/8) D:10
    Orc (0/2) D:9
 Vaults: D:13-14

Altars:
Cheibriados
Fedhas
Gozag
Kikubaaqudgha
Makhleb
Nemelex Xobeh
Okawaru
Vehumet
Yredelemnul
Zin

Shops:
D:10 *


Innate Abilities, Weirdness & Mutations

You reflexively headbutt those who attack you in melee.
You have a pair of horns on your head.


Message History

You are too injured to fight recklessly!
You are too injured to fight recklessly!
You slash the skeletal warrior!
The skeletal warrior is moderately damaged.
The skeletal warrior hits you but does no damage.
You slash the skeletal warrior!
The skeletal warrior is heavily damaged.
You closely miss the skeletal warrior.
You headbutt the skeletal warrior, but do no damage.
The skeletal warrior is heavily damaged.
You are no longer berserk.
You are exhausted.
You feel yourself slow down.
The skeletal warrior hits you with a scimitar!
* * * LOW HITPOINT WARNING * * *
You slash the skeletal warrior!
The skeletal warrior is severely damaged.
You barely miss the skeletal warrior.
The skeletal warrior hits you with a flail!
You die...

#.# #.# ##### #.# #....
#.# # ≈≈≈≈. #.#
#≈###≈.#####.###.#
#≈≈≈≈≈......zzT..#
#≈≈.....)@#
≈#≈≈..###### #
###..≈≈#≈≈..#####......
.....≈≈≈≈≈......+......
###.#≈###≈#.#####......
... #≈≈≈≈≈#.##........
.. .#
##≈≈...##.#.≈≈≈###.# .#
##≈≈≈≈≈....#≈≈≈≈≈... .#
#≈≈≈≈≈≈....≈≈≈≈≈≈≈#


You could see 2 skeletal warriors and a troll.

Vanquished Creatures
  3 skeletal warriors (D:13)
  The ghost of graki42 the Covert, a novice HaAs of Okawaru (D:7)
  6 hill giants
  Pikel (D:9)
  A deep elf mage (D:12)
  An ugly thing (D:12)
  The ghost of varam the Chopper, a novice MiBe of Trog (D:5)
  Maurice (D:10)
  2 gargoyles
  A kobold demonologist (D:11)
  A troll (D:6)
  Prince Ribbit (D:5)
  3 slime creatures (D:12)
  A water elemental (D:13)
  Sigmund (D:4)
  A wyvern (D:12)
  17 yaks
  A wraith (D:11)
  A hungry ghost (D:10)
  3 hippogriffs
  Menkaure (D:4)
  7 vampire mosquitoes
  Edmund (D:3)
  A mottled dragon (D:13)
  The ghost of skk the Ruffian, an amateur VSMo (D:3)
  A porcupine (D:10)
  3 orc warriors
  6 ice beasts
  A sky beast (D:10)
  4 phantoms
  A black bear (D:6)
  A wasp (D:11)
  2 necrophages
  7 ogres
  2 wolves (D:8)
  3 centaurs
  A crocodile (D:10)
  3 big kobolds
  6 giant frogs
  A wyvern zombie (D:6)
  2 scorpions
  6 killer bees (D:11)
  4 wights (D:10)
  3 electric eels
  3 howler monkeys
  4 crimson imps
  7 giant frog zombies
  2 quasits
  2 centaur zombies
  7 hounds
  8 orc priests
  6 jellies
  12 orc wizards
  2 giant frog skeletons
  8 iguanas
  Terence (D:2)
  6 worker ants
  A killer bee zombie (D:7)
  A sheep (D:12)
  A centaur simulacrum (D:8)
  A hound skeleton (D:5)
  A worker ant zombie (D:6)
  4 gnolls (D:5)
  14 adders
  2 river rats (D:10)
  2 shadow imps
  3 white imps (D:8)
  A worker ant simulacrum (D:8)
  2 ufetubi (D:8)
  2 adder zombies
  An adder skeleton (D:7)
  5 worms
  2 dart slugs
  6 giant geckos
  59 orcs
  2 ball pythons
  7 giant cockroaches
  7 goblins
  8 hobgoblins
  9 jackals
  8 quokkas
  2 giant gecko zombies (D:5)
  7 giant newts
  19 kobolds
  2 quokka skeletons
  9 rats
372 creatures vanquished.

Vanquished Creatures (collateral kills)
  A death knight (D:11)
1 creature vanquished.

Vanquished Creatures (others)
  An ogre (D:9)
  6 plants (D:12)
7 creatures vanquished.

Grand Total: 380 creatures vanquished

Notes
Turn   | Place    | Note
--------------------------------------------------------------
     0 | D:1      | varam the Minotaur Berserker began the quest for the Orb.
     0 | D:1      | Reached XP level 1. HP: 19/19 MP: 0/0
   296 | D:1      | Reached XP level 2. HP: 27/27 MP: 1/1
   831 | D:2      | Noticed Terence
   839 | D:2      | Reached ** piety under Trog
   842 | D:2      | Killed Terence
   842 | D:2      | Reached XP level 3. HP: 33/33 MP: 2/2
   954 | D:2      | Reached XP level 4. HP: 41/41 MP: 3/3
  1077 | D:2      | Found a basalt altar of Yredelemnul.
  1542 | D:2      | Found a burning altar of Makhleb.
  1542 | D:2      | Found a radiant altar of Vehumet.
  1645 | D:2      | Found a faded altar to an unknown god.
  1837 | D:3      | Found an iron altar of Okawaru.
  1894 | D:3      | Reached skill level 5 in Axes
  1908 | D:3      | Noticed skk's ghost (amateur VSMo)
  1926 | D:3      | Killed skk's ghost
  1926 | D:3      | Reached skill level 5 in Fighting
  1926 | D:3      | Reached XP level 5. HP: 36/48 MP: 4/4
  2217 | D:3      | Reached *** piety under Trog
  2357 | D:3      | Reached XP level 6. HP: 56/56 MP: 5/5
  2395 | D:3      | Found an opulent altar of Gozag.
  2469 | D:3      | Reached skill level 5 in Armour
  2790 | D:3      | Reached **** piety under Trog
  2967 | D:4      | Found a glowing silver altar of Zin.
  2971 | D:4      | Found an ancient bone altar of Kikubaaqudgha.
  3136 | D:4      | Reached XP level 7. HP: 49/63 MP: 6/6
  3194 | D:4      | Noticed Edmund
  3198 | D:4      | Noticed Menkaure
  3220 | D:3      | Killed Edmund
  3245 | D:4      | Noticed Sigmund
  3258 | D:4      | Killed Sigmund
  3439 | D:4      | Got a twisted short sword
  3440 | D:4      | Identified the +2 short sword "Kapigiav" {freeze, rElec Dex+3} (You found it on level 4 of the Dungeon)
  3634 | D:4      | Reached XP level 8. HP: 73/73 MP: 7/7
  3820 | D:4      | Killed Menkaure
  3966 | D:5      | Entered Level 5 of the Dungeon
  4006 | D:5      | Noticed Prince Ribbit
  4018 | D:5      | Killed Prince Ribbit
  4076 | D:5      | Noticed varam's ghost (novice MiBe)
  4321 | D:5      | Killed varam's ghost
  4469 | D:5      | Got a warped helmet
  4530 | D:5      | Reached XP level 9. HP: 77/82 MP: 8/8
  4536 | D:5      | Found a blossoming altar of Fedhas.
  4975 | D:6      | Noticed a troll
  4986 | D:6      | Killed a troll
  5049 | D:6      | Reached skill level 10 in Axes
  5064 | D:6      | Reached ***** piety under Trog
  5660 | D:7      | Noticed graki42's ghost (novice HaAs)
  5676 | D:7      | Killed graki42's ghost
  5676 | D:7      | Reached skill level 10 in Fighting
  5676 | D:7      | Reached skill level 10 in Armour
  5978 | D:7      | Reached XP level 10. HP: 94/94 MP: 9/9
  6152 | D:7      | Found a staircase to the Ecumenical Temple.
  6168 | D:7      | Received a gift from Trog
  8307 | D:9      | Found a sparkling altar of Nemelex Xobeh.
  8366 | D:9      | Found a staircase to the Orcish Mines.
  8629 | D:9      | Noticed Pikel
  8637 | D:9      | Killed Pikel
  8983 | D:10     | Entered Level 10 of the Dungeon
  9091 | D:10     | Noticed a hill giant
  9101 | D:10     | Killed a hill giant
  9424 | D:10     | Found a staircase to the Lair.
  9642 | D:10     | Reached XP level 11. HP: 68/104 MP: 10/10
 10063 | D:10     | Found Cuatompo's Assorted Antiques.
 10068 | D:10     | Bought a scintillating pewter ring for 135 gold pieces
 10069 | D:10     | Lost intelligence.
 10069 | D:10     | Identified the ring "Roimicy" {rN+ Str+6 Int-5 Stlth+} (You bought it in a shop on level 10 of the Dungeon)
 10148 | D:10     | Noticed Maurice
 10155 | D:10     | Killed Maurice
 10214 | D:10     | Noticed a hill giant
 10229 | D:10     | Killed a hill giant
 11102 | D:11     | Received a gift from Trog
 11143 | D:11     | Got an ichor-stained plate armour
 11169 | D:11     | Identified the +1 plate armour of Hauffunn {+Blink rF++ rCorr MP-9 SInv} (You found it on level 11 of the Dungeon)
 11350 | D:11     | Noticed a death knight
 11360 | D:11     | Killed a death knight
 11503 | D:11     | Found a snail-covered altar of Cheibriados.
 11505 | D:11     | Noticed a hill giant
 11516 | D:11     | Killed a hill giant
 11767 | D:12     | Noticed a hill giant
 11773 | D:12     | Noticed a deep elf mage
 11773 | D:12     | Killed a hill giant
 11781 | D:12     | Killed a deep elf mage
 12261 | D:12     | Noticed a brown ugly thing
 12265 | D:12     | Killed a brown ugly thing
 12321 | D:12     | Reached XP level 12. HP: 93/115 MP: 2/11
 13494 | D:13     | Mangled by a skeletal warrior

Vault maps used:
D:1:      dpeg_arrival_central
D:2:      gammafunk_temple_overflow_statue, nicolae_overflow_crystal_walls,
          ecumenical_altar_2, grunt_ministairs_8, serial_bayou_lake_a,
          uniq_terence
D:3:      lemuel_crystal_altar, marbit_many_paths, first_bread,
          minmay_misc_feat_rows, kennysheep_small_spiral
D:4:      grunt_temple_overflow_open, minmay_misc_feat_enclosed, uniq_sigmund,
          uniq_edmund, uniq_menkaure
D:5:      fedhas_altar_1, uniq_prince_ribbit1
D:7:      temple_statues, grunt_ogre_cave
D:8:      serial_ice, serial_ice_o, serial_ice_a, serial_ice_l, serial_ice_h,
          serial_ice_f, serial_ice_c, serial_ice_b, serial_ice_d
D:9:      nemelex_deck, orc_0_dummy, uniq_pikel
D:10:     dpeg_lair_monsters, serial_shops, kennysheep_little_box,
          kennysheep_potato, uniq_maurice
D:11:     cheibriados_altar_1
D:12:     serial_glass, glass_columns_c, glass_columns_a,
          roderic_serpentine_path, nicolae_zen_rock_garden
D:13:     minmay_crystal_water

Skill      XL: |  1  2  3  4  5  6  7  8  9 10 11 12 |
---------------+-------------------------------------+-----
Axes           | 4 5 6 7 9 10 12 13 14 | 14.4
Armour         | 3 4 5 6 8 10 11 13 14 | 14.0
Fighting       | 4 5 6 7 8 10 11 13 14 | 14.2
Dodging        | |  2.1

Action                   |  1- 3 |  4- 6 |  7- 9 | 10-12 || total
-------------------------+-------+-------+-------+-------++-------
Melee: Hand axe          |    41 |   141 |   234 |   369 ||   785
       Headbutt          |     5 |    30 |    47 |   122 ||   204
       Battleaxe         |       |       |       |   110 ||   110
Invok: Berserk           |     1 |     3 |     7 |    16 ||    27
       Burn Spellbooks   |       |     1 |       |     1 ||     2
       Brothers in Arms  |       |       |       |     1 ||     1
  Use: Scroll            |       |       |     1 |     8 ||     9
 Stab: Distracted        |       |       |       |     1 ||     1
  Eat: Chunk             |     1 |     5 |    13 |    18 ||    37
       Bread ration      |       |     1 |     1 |     4 ||     6
       Fruit             |       |       |       |     3 ||     3
       Pizza             |       |       |       |     1 ||     1
       Meat ration       |       |       |       |     2 ||     2
       Beef jerky        |       |       |       |     1 ||     1
Armor: Animal skin       |     6 |       |       |       ||     6
       Leather armour    |     6 |     6 |       |       ||    12
       Chain mail        |       |    41 |     6 |       ||    47
       Ring mail         |       |       |    82 |     6 ||    88
       Scale mail        |       |       |       |   125 ||   125
       Plate armour      |       |       |       |    98 ||    98
Dodge: Dodged            |    29 |    42 |   113 |   287 ||   471
